 Dungeon Crawl Stone Soup version 0.32-a0-900-g30fb1b0edc (webtiles) character file.

Game seed: 8544184606550178465

37581 Biggs the Marksgoblin (level 13, -5/154 HPs)
             Began as a Coglin Hunter on Apr 5, 2024.
             Was the Champion of Okawaru.
             Slain by a death yak (14 damage)
             ... on level 5 of the Lair of Beasts.
             The game lasted 00:24:07 (12892 turns).

Biggs the Marksgoblin (Coglin Hunter)              Turns: 12892, Time: 00:24:07

Health: -5/154     AC: 26    Str: 14    XL:     13   Next: 97%
Magic:  13/13      EV:  2    Int:  9    God:    Okawaru [******]
Gold:   977        SH:  0    Dex: 22    Spells: 12/12 levels left

rFire   . . .        G - +10 sling of the Tundras {freeze, rPois rCorr Str+2}
rCold   . . .        v - +2 hand cannon {Imanvir}
rNeg    . . .        D - melded +0 troll leather armour
rPois   +            M - melded +0 helmet
rElec   .            C - melded +0 cloak
rCorr   +            (gloves currently unavailable)
SInv    .            E - melded +0 pair of boots "Cackump" {rF+ rN+ rCorr}
Will    .....        (amulet unavailable)
Stlth   ++           (ring unavailable)
HPRegen 0.45/turn    (ring unavailable)
MPRegen 0.13/turn    (no gizmo)

%: no passive effects
@: tree-form, attractive, hasted, revved, very quick
A: stationary, stasis, torment immunity, boosted hp, off-hand wielding, slow
wielding, warmup strikes, no jewellery, inability to read after injury 1
a: Invent Gizmo, Renounce Religion, Heroism, Finesse, Duel


You were on level 5 of the Lair of Beasts.
You worshipped Okawaru.
Okawaru was exalted by your worship.
You were a tree.
You visited 3 branches of the dungeon, and saw 17 of its levels.

You collected 1272 gold pieces.
You spent 295 gold pieces at shops.

Inventory:

Hand Weapons
 a - a +2 sling {Anan}
 k - a +2 sling of draining {Qiu}
 v - a +2 hand cannon (offhand) {Imanvir}
 G - the +10 sling of the Tundras (weapon) {freeze, rPois rCorr Str+2}
   (Okawaru gifted it to you on level 11 of the Dungeon)

   Str+2:     It affects your strength (+2).
   rPois:     It protects you from poison.
   rCorr:     It protects you from acid and corrosion.
Armour
 C - a +0 cloak (melded)
 D - a +0 troll leather armour (melded)
 E - the +0 pair of boots "Cackump" (melded) {rF+ rN+ rCorr}
   (Okawaru gifted it to you on level 11 of the Dungeon)

   rF+:       It protects you from fire.
   rN+:       It protects you from negative energy.
   rCorr:     It protects you from acid and corrosion.
 M - a +0 helmet (melded)
Wands
 l - a wand of mindburst (24)
 s - a wand of flame (11)
 A - a wand of acid (18)
 F - a wand of paralysis (7)
 I - a wand of polymorph (4)
 J - a wand of digging (5)
Scrolls
 b - a scroll of butterflies
 c - a scroll of brand weapon {unknown}
 d - 2 scrolls of vulnerability
 g - 3 scrolls of poison
 i - 3 scrolls of revelation
 m - a scroll of blinking
 q - 2 scrolls of amnesia
 u - 2 scrolls of immolation
 y - a scroll of fog
 H - 5 scrolls of identify
 K - a scroll of noise
 L - a scroll of enchant weapon
Potions
 e - a potion of ambrosia {unknown}
 f - a potion of berserk rage {unknown}
 h - a potion of lignification
 j - 3 potions of haste
 o - 4 potions of curing
 p - a potion of invisibility {unknown}
 r - a potion of enlightenment {unknown}
 t - 2 potions of attraction
 w - 3 potions of mutation
 x - a potion of resistance {unknown}
 z - 2 potions of magic
 B - a potion of might {unknown}
 N - a potion of cancellation {unknown}


   Skills:
 - Level 10.0 Fighting
 - Level 18.0 Ranged Weapons
 + Level 7.8 Dodging
 - Level 0.7 Stealth
 - Level 6.2 Evocations


You had 12 spell levels left.
You didn't know any spells.
Your spell library contained the following spells:

 Spells                   Type           Power      Damage    Failure   Level
 Foxfire                  Conj/Fire      0%         2x1d4     38%         1
 Sandblast                Erth           0%         2d4       38%         1
 Blink                    Tloc           0%         N/A       52%         2
 Lesser Beckoning         Tloc           0%         N/A       52%         2
 Momentum Strike          Conj/Tloc      0%         3d8       52%         2
 Dazzling Flash           Conj/Hex       0%         N/A       77%         3
 Hailstorm                Conj/Ice       0%         3d5       77%         3
 Inner Flame              Hex/Fire       0%         N/A       77%         3
 Mephitic Cloud           Conj/Alch/Air  0%         N/A       77%         3
 Stone Arrow              Conj/Erth      0%         3d7       77%         3
 Brom's Barrelling Bould  Conj/Erth      0%         2d3       99%         4
 Olgreb's Toxic Radiance  Alch           0%         N/A       99%         4
 Passage of Golubria      Tloc           0%         N/A       99%         4
 Borgnjor's Vile Clutch   Necr/Erth      0%         N/A       100%        5
 Curse of Agony           Necr           0%         N/A       100%        5
 Irradiate                Conj/Alch      0%         3d11      100%        5
 Silence                  Hex/Air        0%         N/A       100%        5
 Permafrost Eruption      Ice/Erth       0%         2x4d1     100%        6
 Plasma Beam              Fire/Air       0%         2x1d10    100%        6
 Starburst                Conj/Fire      0%         6d3       100%        6
 Orb of Destruction       Conj           0%         9d5       100%        7
 Ozocubu's Refrigeration  Ice            0%         4d7       100%        7
 Discord                  Hex            0%         N/A       100%        8
 Ignition                 Fire           0%         3d3       100%        8
 Lehudib's Crystal Spear  Conj/Erth      0%         10d2      100%        8
 Summon Ice Beast         Ice/Summ       Unusable   N/A       N/A         3
 Animate Dead             Necr           Unusable   N/A       N/A         4
 Summon Blazeheart Golem  Fire/Summ      Unusable   N/A       N/A         4
 Death Channel            Necr           Unusable   N/A       N/A         6
 Sculpt Simulacrum        Ice/Alch       Unusable   N/A       N/A         6
 Spellforged Servitor     Conj/Summ      Unusable   N/A       N/A         7

Dungeon Overview and Level Annotations

Branches:
Dungeon (11/15)            Temple (1/1) D:5            Lair (5/5) D:11
  Swamp (0/4) Lair:3       Spider (0/4) Lair:2        Slime (0/5) Lair:5
    Orc (0/2) D:9

Altars:
Ashenzari
Cheibriados
Dithmenos
Elyvilon
Fedhas
Gozag
Hepliaklqana
Kikubaaqudgha
Nemelex Xobeh
Okawaru
Qazlal
Ru
Sif Muna
Trog
Uskayaw
Vehumet
Wu Jian
Xom
Yredelemnul
Zin
The Shining One
Jiyva

Shops:
D:4 *   D:6 *   D:7 *

Annotations:
D:2 1 runed translucent door, Crazy Yiuf
D:11 2 runed translucent doors
Lair:2 2 transporters, jkt's ghost, journeyman SpEn


Innate Abilities, Weirdness & Mutations

You are a tree.
Your roots penetrate the ground, keeping you stationary.
You cannot be teleported.
You are immune to unholy pain and torment.
Your maximum health is greatly increased.
Your equipment is partially melded.
You can wield a second weapon in your off-hand.
It takes a long time for you to wield or remove held weapons.
Your first few attacks do less damage.
You cannot equip rings or amulets.
You occasionally lose the ability to read scrolls when taking damage.


Message History

Fire: G) +10 sling of the Tundras {freeze, rPois rCorr Str+2}
Press: ? - help, Q - select action, (/) - cycle Shift-Dir - straight line, f/p - death yak
Aim: a death yak (translocational energy, severely wounded, 87% to hit)
You shoot a slug. The slug hits the death yak.
The death yak is severely wounded.
You shoot a sling bullet. The sling bullet hits the death yak!
The sling bullet freezes the death yak!
You kill the death yak!
Okawaru accepts your kill.
The death yak is attracted toward you. x2; The yak is attracted toward you.
Something is attracted toward you.
Fire: G) +10 sling of the Tundras {freeze, rPois rCorr Str+2}
Press: ? - help, Q - select action, (/) - cycle Shift-Dir - straight line, f - death yak
Aim: a death yak (translocational energy, 87% to hit)
You shoot a sling bullet.
The sling bullet hits the death yak but does no damage.
You shoot a slug. The slug hits the death yak!!
The death yak is moderately wounded.
The death yak gores you!
* * * LOW HITPOINT WARNING * * *
Fire: G) +10 sling of the Tundras {freeze, rPois rCorr Str+2}
Press: ? - help, Q - select action, (/) - cycle Shift-Dir - straight line, f/p - death yak
Aim: a death yak (moderately wounded, 87% to hit)
You shoot a sling bullet. The sling bullet hits the death yak.
The sling bullet freezes the death yak.
The death yak is heavily wounded.
You shoot a slug.
The slug hits the death yak but does no damage.
The death yak is heavily wounded.
Fire: G) +10 sling of the Tundras {freeze, rPois rCorr Str+2}
Press: ? - help, Q - select action, (/) - cycle Shift-Dir - straight line, f/p - death yak
Aim: a death yak (magical condensation, heavily wounded, 87% to hit)
You shoot a slug. The slug hits the death yak.
The death yak is heavily wounded.
You shoot a sling bullet.
The sling bullet barely misses the death yak.
The sling bullet hits the death yak!
The sling bullet freezes the death yak.
The death yak is moderately wounded.
The death yak gores you!
You die...

#....Y#
###..Y##
#P.Y..#
##.§..♣
#..Y♣♣♣
##.YYY♣♣
#P##YY♣♣
####YYY##
####♣#
###


You could see 3 death yaks and 4 yaks.

Vanquished Creatures
  3 hydras
  A catoblepas (Lair:5)
  3 death yaks (Lair:5)
  3 boulder beetles
  2 two-headed ogres
  Amaemon (Lair:2)
  A lindwurm (Lair:3)
  2 cyclopes (D:11)
  2 gargoyles (D:11)
  4 black mambas
  2 torpor snails (Lair:3)
  An orange demon (Lair:2)
  13 cane toads
  An unseen horror (D:9)
  2 rime drakes
  10 komodo dragons
  3 trolls
  2 polar bears
  9 blink frogs
  Sigmund (D:3)
  A wraith (D:11)
  38 yaks
  7 wyverns
  3 basilisks
  2 steam dragons
  An acid dragon (D:10)
  Edmund (D:4)
  13 water moccasins
  A sky beast (D:3)
  13 orc warriors
  A swamp drake (D:11)
  6 black bears
  4 ogres
  6 wolves
  A phantom (D:5)
  5 kobold brigands
  7 bullfrogs
  3 gnoll sergeants (D:9)
  8 scorpions
  39 killer bees
  5 howler monkeys
  2 electric eels (Lair:3)
  3 bombardier beetles
  7 orc priests
  A gnoll bouda (D:5)
  5 hounds
  6 jellies
  2 sleepcaps
  3 iguanas
  Ijyb (D:3)
  4 orc wizards
  5 adders
  7 gnolls
  A white imp (D:5)
  7 ribbon worms
  2 dart slugs (D:2)
  38 orcs
  4 ball pythons
  7 bats
  5 endoplasms
  7 giant cockroaches
  6 goblins
  15 hobgoblins
  2 jackals (D:4)
  10 kobolds
  3 quokkas
  3 frilled lizards
  4 rats
391 creatures vanquished.

Notes
Turn   | Place    | Note
-------+----------+-------------------------------------------
     0 | D:1      | Biggs the Coglin Hunter began the quest for the Orb.
     0 | D:1      | Reached XP level 1. HP: 16/16 MP: 1/1
    63 | D:1      | Reached skill level 4 in Ranged Weapons
    63 | D:1      | Reached XP level 2. HP: 22/22 MP: 2/2
    81 | D:1      | Found a faded altar of an unknown god.
   613 | D:2      | Reached XP level 3. HP: 27/27 MP: 3/3
   815 | D:2      | Found a runed translucent door.
   816 | D:2      | Noticed Crazy Yiuf
  1355 | D:3      | Noticed Sigmund
  1359 | D:3      | Killed Sigmund
  1360 | D:3      | Reached skill level 6 in Ranged Weapons
  1360 | D:3      | Reached XP level 4. HP: 22/33 MP: 4/4
  1360 | D:3      | Reached XP level 5. HP: 25/38 MP: 5/5
  1415 | D:3      | Noticed a sky beast
  1420 | D:3      | Killed a sky beast
  1421 | D:3      | Reached XP level 6. HP: 44/44 MP: 6/6
  1427 | D:3      | Found a stormy altar of Qazlal.
  1442 | D:3      | Reached skill level 7 in Ranged Weapons
  1560 | D:3      | Noticed a black bear
  1569 | D:3      | Killed a black bear
  1645 | D:3      | Reached XP level 7. HP: 46/50 MP: 7/7
  1823 | D:3      | Noticed Ijyb
  1830 | D:3      | Killed Ijyb
  2272 | D:4      | Reached skill level 8 in Ranged Weapons
  2275 | D:4      | Found a glowing silver altar of Zin.
  2342 | D:4      | Found an ancient bone altar of Kikubaaqudgha.
  2345 | D:4      | Found Kuoc's Assorted Antiques.
  2469 | D:4      | Found a hazy altar of Hepliaklqana.
  2475 | D:4      | Found a hide-covered altar of Uskayaw.
  2479 | D:4      | Found an ornate altar of the Wu Jian Council.
  2502 | D:4      | Noticed Edmund
  2510 | D:4      | Killed Edmund
  2726 | D:5      | Entered Level 5 of the Dungeon
  2767 | D:5      | Reached skill level 9 in Ranged Weapons
  2767 | D:5      | Reached XP level 8. HP: 56/56 MP: 8/8
  2866 | D:5      | Identified the +7 dagger of Gravity {protect, rPois}
  3030 | D:5      | Reached skill level 5 in Evocations
  3036 | D:5      | Found a staircase to the Ecumenical Temple.
  3062 | Temple   | Entered the Ecumenical Temple
  3065 | Temple   | Became a worshipper of Warmaster Okawaru
  3502 | D:5      | Found a shimmering blue altar of Sif Muna.
  3513 | D:5      | Found a sparkling altar of Nemelex Xobeh.
  3699 | D:6      | Found Niremp's Lightly-Used Armoury.
  3706 | D:6      | Bought a -1 hand cannon for 1 gold piece
  3825 | D:6      | Reached * piety under Okawaru
  3853 | D:6      | Reached XP level 9. HP: 67/67 MP: 9/9
  3881 | D:6      | Reached skill level 5 in Fighting
  4246 | D:7      | Found Agrir's Assorted Antiques.
  4259 | D:7      | Bought a scroll of blinking for 232 gold pieces
  4259 | D:7      | Bought a scroll of identify for 62 gold pieces
  5394 | D:9      | Noticed a two-headed ogre
  5398 | D:9      | Killed a two-headed ogre
  5398 | D:9      | Reached ** piety under Okawaru
  5597 | D:9      | Reached *** piety under Okawaru
  5603 | D:9      | Reached skill level 10 in Ranged Weapons
  5603 | D:9      | Reached XP level 10. HP: 33/74 MP: 10/10
  5796 | D:9      | Found a staircase to the Orcish Mines.
  5815 | D:9      | Reached skill level 11 in Ranged Weapons
  5825 | D:9      | Reached **** piety under Okawaru
  6116 | D:9      | Found a bloodstained altar of Trog.
  6178 | D:9      | Killed an unseen horror
  6567 | D:10     | Entered Level 10 of the Dungeon
  6722 | D:10     | Noticed a two-headed ogre
  6727 | D:10     | Killed a two-headed ogre
  6728 | D:10     | Reached skill level 12 in Ranged Weapons
  7551 | D:11     | Noticed a fire dragon
  7552 | D:11     | Found a runed translucent door.
  7552 | D:11     | Found a runed translucent door.
  7552 | D:11     | Noticed an ice dragon
  7552 | D:11     | Noticed a fire dragon
  7552 | D:11     | Found the +2 shield of Resistance {rF++ rC++ Will++}
  7553 | D:11     | Noticed an ice dragon
  7570 | D:11     | Reached ***** piety under Okawaru
  7575 | D:11     | Reached XP level 11. HP: 79/79 MP: 11/11
  7580 | D:11     | Reached skill level 13 in Ranged Weapons
  7837 | D:11     | Received a gift from Okawaru
  7879 | D:11     | Reached skill level 14 in Ranged Weapons
  7949 | D:11     | Found a staircase to the Lair.
  8367 | D:11     | Noticed a cyclops
  8372 | D:11     | Killed a cyclops
  8379 | D:11     | Noticed a cyclops
  8638 | D:11     | Killed a cyclops
  8686 | D:11     | Received a gift from Okawaru
  8759 | D:11     | Reached ****** piety under Okawaru
  8760 | D:11     | Reached skill level 15 in Ranged Weapons
  8778 | D:11     | Acquired the +0 pair of boots "Cackump" {rF+ rN+ rCorr}
  8778 | D:11     | Received a gift from Okawaru
  8790 | D:11     | Acquired the +10 sling of the Tundras {freeze, rPois rCorr
                  | Str+2}
  8790 | D:11     | Received a gift from Okawaru
  8974 | Lair:1   | Entered Level 1 of the Lair of Beasts
  9058 | Lair:1   | Reached XP level 12. HP: 86/86 MP: 12/12
  9287 | Lair:1   | Reached skill level 16 in Ranged Weapons
  9354 | Lair:1   | Found a radiant altar of Vehumet.
  9414 | Lair:1   | Received a gift from Okawaru
  9546 | Lair:1   | Noticed a seven-headed hydra
  9557 | Lair:1   | Killed a seven-headed hydra
  9829 | Lair:2   | Noticed Amaemon
  9837 | Lair:2   | Killed Amaemon
  9975 | Lair:2   | Found a transporter.
  9981 | Lair:2   | Found a hole to the Spider Nest.
 10000 | Lair:2   | Noticed jkt's ghost (journeyman SpEn)
 10006 | Lair:2   | Noticed a five-headed hydra
 10239 | Lair:2   | Found a transporter.
 10538 | Lair:3   | Reached skill level 17 in Ranged Weapons
 10688 | Lair:3   | Received a gift from Okawaru
 10699 | Lair:3   | Found a staircase to the Swamp.
 10762 | Lair:3   | Noticed a boulder beetle
 10774 | Lair:3   | Killed a boulder beetle
 10775 | Lair:3   | Reached XP level 13. HP: 46/91 MP: 13/13
 10788 | Lair:3   | Received a gift from Okawaru
 10789 | Lair:3   | Reached skill level 18 in Ranged Weapons
 12382 | Lair:5   | Entered Level 5 of the Lair of Beasts
 12433 | Lair:5   | Found a hide-covered altar of Uskayaw.
 12462 | Lair:5   | Found an ornate altar of the Wu Jian Council.
 12489 | Lair:5   | Received a gift from Okawaru
 12549 | Lair:5   | Found a staircase to the Slime Pits.
 12551 | Lair:5   | Found a viscous altar of Jiyva.
 12637 | Lair:5   | Reached skill level 10 in Fighting
 12877 | Lair:5   | Gained mutation: You occasionally lose the ability to read
                  | scrolls when taking damage. [potion of mutation]
 12882 | Lair:5   | Received a gift from Okawaru
 12892 | Lair:5   | Slain by a death yak

Illustrated notes

Levels and vault maps discovered:
D:1:      dpeg_arrival_erosion, layout_rooms,
          hellmonk_ecumenical_altar_pennies_from_heaven, st_stairs_6,
          minmay_misc_feat_room, minivault_19
D:2:      kb_forest_paths, layout_basic, uniq_crazy_yiuf_cottage
D:3:      layout_basic, nicolae_qazlal_beasts_of_the_sky,
          nicolae_elevator_lobby_plus, uniq_ijyb, uniq_sigmund
D:4:      layout_cave_pools, nicolae_kikubaaqudgha_miasma_corner, zin_academy,
          minitemple, serial_shops, shop, uniq_edmund
D:5:      layout_loops_ring, amethyst_overflow_temple_binary,
          minmay_temple_entry_wispy
D:6:      layout_loops_ring, minmay_shop_damaged, chequers_serial_rivers_micro_b
D:7:      layout_loops_ring, serial_shops, nicolae_shop_overgrown_old_shop,
          wad_floor_pattern_2, nicolae_water_bricks
D:8:      layout_basic, demons_altar, nicolae_transmutations_shop,
          hangedman_abyss_or_decor_stagger, minmay_bent
D:9:      layout_roguey, trog_three_pillars_becter,
          kennysheep_orc_monster_closet_entryway, dk_rats_in_the_wall
D:10:     layout_irregular_city
D:11:     layout_roguey [special_room_orc], erik_lair_dragon,
          minmay_guarded_unrand_resistance
Temple:   nicolae_temple_hex_pool
Lair:1:   cheibrodos_lair_river_kwai, layout_long_grid, basic_altar
Lair:2:   layout_chaotic_city, nicolae_spider_entry_non_spiders,
          nzn_ghost_randoct, lemuel_fruit_fields, uniq_amaemon
Lair:3:   layout_cellular_growth, swamp_mist_pool, pdpol_lair_cavern_descent
Lair:4:   wad_woods_minihive, layout_gridlike, lemuel_fruit_tree
Lair:5:   due_jungle_book, layout_long_grid, nicolae_slime_entry_field_trip,
          minivault_27, serial_bayou_pond_e, chequers_serial_rivers_micro_c,
          nzn_masters_of_martial_movement

Skill      XL: |  1  2  3  4  5  6  7  8  9 10 11 12 13 |
---------------+----------------------------------------+-----
Ranged Weapons | 4 6 7 9 10 12 15 17 18 | 18.0
Evocations     | 2 6 |  6.2
Fighting       | 4 5 10 | 10.0
Dodging        | 6 7 |  7.8
Stealth        | |  0.7

Action                     |  1- 3 |  4- 6 |  7- 9 | 10-12 | 13-15 || total
---------------------------+-------+-------+-------+-------+-------++-------
  Melee: Sling             |       |       |       |     1 |       ||     1
         Hand cannon       |       |       |       |     1 |       ||     1
   Fire: Sling             |   132 |    76 |   466 |   454 |   264 ||  1392
         Hand cannon       |       |       |    58 |   454 |   264 ||   776
 Invoke: Receive Weapon    |       |       |       |     1 |       ||     1
         Receive Armour    |       |       |       |     1 |       ||     1
  Evoke: Wand              |       |       |       |     1 |       ||     1
    Use: Scroll            |       |       |    11 |     6 |     4 ||    21
         Potion            |       |       |       |       |     6 ||     6
 Armour: Leather armour    |     8 |    15 |    39 |       |       ||    62
         Steam dragon scal |       |       |    18 |    65 |       ||    83
         Troll leather arm |       |       |       |    34 |    64 ||    98
         Skin              |       |       |       |       |     6 ||     6
  Dodge: Dodged            |     9 |    16 |    46 |    78 |    66 ||   215

Table legend: (Time is in decaauts)
 A = Elapsed time spent in this place.
 B = Non-inter-level travel time spent in this place.
 C = Inter-level travel time spent in this place.
 D = Time resting spent in this place.
 E = Time spent auto-exploring this place.
 F = Levels seen in this place.
 G = Mean time per level.
                   A        B        C        D        E       F      G
               +--------+--------+--------+--------+--------+-----+--------+
         Total |  12914 |  12259 |    655 |    528 |   9740 |  17 |  759.6 |
       Dungeon |   9018 |   8466 |    552 |    528 |   6597 |  11 |  819.8 |
        Temple |      6 |      4 |      2 |      0 |      0 |   1 |    6.0 |
          Lair |   3889 |   3788 |    101 |      0 |   3143 |   5 |  777.8 |
               +--------+--------+--------+--------+--------+-----+--------+

Top non-repeatable levels by time:
     D:9: 1329 daAuts
    D:11: 1216 daAuts
    D:10: 1201 daAuts
     D:7: 1015 daAuts
  Lair:4: 975 daAuts
  Lair:3: 957 daAuts
     D:3: 925 daAuts
     D:2: 889 daAuts
     D:5: 889 daAuts
  Lair:1: 822 daAuts
  Lair:2: 644 daAuts
     D:6: 601 daAuts
  Lair:5: 489 daAuts
     D:1: 469 daAuts
     D:4: 465 daAuts
